 Dungeon Crawl Stone Soup version 0.20-a0-993-gba41c3c (webtiles) character file.

9557 Hybris the Slicer (level 11, 0/64 HPs)
             Began as a Kobold Hunter on Apr 11, 2017.
             Was a Priest of Ashenzari.
             Slain by a two-headed ogre
             ... wielding a +0 giant spiked club
              (17 damage)
             ... on level 10 of the Dungeon.
             The game lasted 00:25:30 (11516 turns).

Hybris the Slicer (Kobold Hunter)                  Turns: 11516, Time: 00:25:30

Health: 0/64       AC:  9    Str: 10    XL:     11   Next: 76%
Magic:  11/11      EV: 20    Int: 12    God:    Ashenzari [***...]
Gold:   718        SH:  9    Dex: 23    Spells: 7/10 levels left

rFire    . . .     SeeInvis +   n - +2 dagger (venom)
rCold    . . .     Gourm    .   o - +0 buckler
rNeg     . . .     Faith    .   Q - +1 ring mail {rPois}
rPois    +         Spirit   .   q - +2 hat (curse)
rElec    .         Reflect  +   x - +0 cloak
rCorr    .         Harm     .   (no gloves)
MR       +....                  (no boots)
Stlth    +.........             A - +2 amulet of reflection
Regen    0.2/turn               b - ring of loudness (curse)
MPRegen  0.2/turn               I - +4 ring of dexterity

@: no status effects
A: horns 1, carnivore 3, magic resistance 1
a: Curse Item, Scrying, Renounce Religion


You were on level 10 of the Dungeon.
You worshipped Ashenzari.
Ashenzari was most pleased with you.
You were completely stuffed.

You visited 1 branch of the dungeon, and saw 10 of its levels.

You collected 718 gold pieces.

Inventory:

Hand Weapons
 a - a +2 hand crossbow
 n - a +2 dagger of venom (weapon)
 J - a +0 dagger of freezing
Missiles
 g - 248 arrows
 k - 340 stones (quivered)
 B - 3 throwing nets
 H - 9 tomahawks
Armour
 o - a +0 buckler (worn)
 q - a cursed +2 hat (worn)
 x - a +0 cloak (worn)
 Q - a +1 ring mail of poison resistance (worn)
Jewellery
 b - a cursed ring of loudness (left hand)
 A - a +2 amulet of reflection (around neck)
 I - a +4 ring of dexterity (right hand)
 K - an uncursed amulet of regeneration
 O - an uncursed amulet of guardian spirit
Wands
 c - a wand of lightning (7/15)
 w - a wand of random effects (28/48)
 y - a wand of disintegration (17/24)
 z - a wand of polymorph (18/24)
 C - a wand of iceblast (11/15)
Scrolls
 h - a scroll of teleportation
 l - a scroll of fear
 m - 6 scrolls of identify
 p - 3 scrolls of fog
 r - 3 scrolls of recharging
 s - a scroll of amnesia
 t - a scroll of remove curse
 L - a scroll of blinking
Potions
 e - a potion of lignification {unknown}
 j - a potion of berserk rage {unknown}
 u - a potion of haste {unknown}
 v - a potion of mutation
 D - a potion of agility {unknown}
 E - a potion of invisibility {unknown}
 F - 2 potions of brilliance {unknown}
 P - a potion of flight {unknown}
Books
 G - a book of Misfortune

   Spells                             Type                      Level
   a - Confusing Touch                Hexes                        1
   b - Confuse                        Hexes                        3
   c - Gell's Gravitas                Translocation                3
   d - Petrify                        Transmutation/Earth          4
   e - Metabolic Englaciation         Hexes/Ice                    5
   f - Yara's Violent Unravelling     Hexes/Transmutation          5
Comestibles
 f - 6 meat rations
 i - 14 royal jellies
 M - 2 chunks of flesh


   Skills:
 * Level 5.5 Fighting
 - Level 12.7 Short Blades
 - Level 10.8 Crossbows
 - Level 6.0 Throwing
 - Level 10.1 Dodging
 - Level 1.3 Stealth
 * Level 3.7 Shields


You had 7 spell levels left.
You knew the following spells:

 Your Spells              Type           Power        Failure   Level  Hunger
a - Confuse               Hex            #.......     100%        3    ####...


Dungeon Overview and Level Annotations

Branches:
Dungeon (10/15)            Temple (0/1) D:6
   Lair: D:8-11         Orc: D:9-12

Altars:
Ashenzari
Cheibriados
Nemelex Xobeh
Qazlal
Sif Muna
Uskayaw
Xom

Shops:
D:6 }


Innate Abilities, Weirdness & Mutations

You are small and have problems with some larger weapons.
You are carnivorous and can eat meat at any time.
You have a pair of small horns on your head.
You are resistant to hostile enchantments. (MR+)


Message History

Throwing (i - inventory. (,) - cycle):
k - 341 stones (quivered)
Press: ? - help, Shift-Dir - straight line, f/p - two-headed ogre
Aim: a two-headed ogre, wielding two giant spiked clubs (heavily wounded)
You throw a stone. The stone hits the two-headed ogre.
The two-headed ogre is heavily wounded.
You block the two-headed ogre's attack.
The two-headed ogre hits you with a giant spiked club!!
Wield which item (- for none, * to show all)? (? for menu, Esc to quit)
Your +2 dagger of venom begins to drip with poison!
n - a +2 dagger of venom (weapon)
The two-headed ogre barely misses you. The two-headed ogre misses you.
You block the two-headed ogre's attack. The two-headed ogre barely misses you.
The two-headed ogre misses you. The two-headed ogre barely misses you.
You block the two-headed ogre's attack. x2
The two-headed ogre barely misses you.
The two-headed ogre hits you with a giant spiked club!
* * * LOW HITPOINT WARNING * * *
The two-headed ogre completely misses you.
The two-headed ogre hits you with a giant spiked club!
You die...

#######
#(((..# ,
*#.....#O@#
,....####..#
# , * .##
##.## * #..#
* ,, ##*#.##
####.##.# *
#....#..#
**#..#.## *
**#..#


You could see a two-headed ogre.

Vanquished Creatures
  5 two-headed ogres
  An unseen horror (D:10)
  A gargoyle (D:10)
  A troll (D:9)
  Prince Ribbit (D:8)
  Grinder (D:3)
  A hornet (D:10)
  2 hippogriffs
  A hungry ghost (D:8)
  A water moccasin (D:5)
  An ice beast (D:7)
  Duvessa (D:6)
  An orc warrior (D:10)
  4 sky beasts
  5 ogres
  3 centaurs
  A necrophage (D:9)
  3 phantoms
  A big kobold (D:8)
  7 bullfrogs
  Dowan (D:6)
  2 scorpions
  A wight (D:7)
  4 killer bees (D:7)
  A howler monkey (D:5)
  2 crimson imps (D:7)
  A quasit (D:9)
  4 hounds
  A centaur zombie (D:7)
  A bullfrog skeleton (D:10)
  5 orc priests
  2 centaur skeletons
  3 jellies (D:8)
  10 orc wizards
  3 iguanas (D:5)
  11 worker ants
  2 hound zombies (D:7)
  A hound skeleton (D:6)
  A worker ant zombie (D:9)
  A howler monkey zombie (D:5)
  4 gnolls (D:7)
  12 adders
  A shadow imp (D:6)
  9 oozes
  An adder zombie (D:7)
  An adder skeleton (D:5)
  A dart slug (D:3)
  A worm (D:2)
  3 leopard geckos
  30 orcs
  6 giant cockroaches
  11 goblins
  13 hobgoblins
  14 jackals
  18 kobolds
  5 quokkas
  A ball python (D:1)
  9 bats
  8 frilled lizards
  10 rats
257 creatures vanquished.

Notes
Turn   | Place    | Note
-------+----------+-------------------------------------------
     0 | D:1      | Hybris the Kobold Hunter began the quest for the Orb.
     0 | D:1      | Reached XP level 1. HP: 12/12 MP: 1/1
    17 | D:1      | Reached skill level 5 in Crossbows
    81 | D:1      | Reached skill level 1 in Short Blades
    81 | D:1      | Reached XP level 2. HP: 17/17 MP: 2/2
   448 | D:1      | Reached XP level 3. HP: 21/21 MP: 3/3
   607 | D:2      | Reached skill level 2 in Short Blades
   959 | D:2      | Reached XP level 4. HP: 26/26 MP: 4/4
  1293 | D:2      | Found a shattered altar of Ashenzari.
  1302 | D:2      | Became a worshipper of Ashenzari the Shackled
  1354 | D:2      | Reached XP level 5. HP: 30/30 MP: 5/5
  1740 | D:3      | Reached skill level 3 in Short Blades
  1758 | D:3      | Noticed Grinder
  1763 | D:3      | Killed Grinder
  1763 | D:3      | Reached skill level 4 in Short Blades
  1763 | D:3      | Reached XP level 6. HP: 30/35 MP: 6/6
  2189 | D:3      | Reached XP level 7. HP: 40/40 MP: 7/7
  2228 | D:3      | Found a faded altar of an unknown god.
  2635 | D:4      | Found a snail-covered altar of Cheibriados.
  2635 | D:4      | Found a hide-covered altar of Uskayaw.
  2635 | D:4      | Found a deep blue altar of Sif Muna.
  2701 | D:4      | Found a sparkling altar of Nemelex Xobeh.
  2875 | D:4      | Reached skill level 5 in Short Blades
  2875 | D:4      | Reached skill level 5 in Dodging
  3015 | D:4      | Found a stormy altar of Qazlal.
  3050 | D:4      | Reached * piety under Ashenzari
  3402 | D:5      | Entered Level 5 of the Dungeon
  3477 | D:5      | Reached XP level 8. HP: 44/44 MP: 8/8
  3638 | D:5      | Learned a level 3 spell: Confuse
  3752 | D:5      | Reached skill level 6 in Short Blades
  4112 | D:6      | Found Epsios's Gadget Boutique.
  4174 | D:6      | Noticed Dowan
  4177 | D:6      | Noticed Duvessa
  4202 | D:6      | Gained mutation: Your system is resistant to poisons. (rPois) [potion of mutation]
  4202 | D:6      | Gained mutation: You do not regenerate when monsters are visible. [potion of mutation]
  4202 | D:6      | Gained mutation: You are partially covered in molten scales. (AC +2) [potion of mutation]
  4202 | D:6      | Killed Duvessa
  4209 | D:6      | Killed Dowan
  4456 | D:6      | Lost mutation: Your system is resistant to poisons. (rPois) [potion of mutation]
  4456 | D:6      | Lost mutation: You do not regenerate when monsters are visible. [potion of mutation]
  4456 | D:6      | Lost mutation: You are partially covered in molten scales. (AC +2) [potion of mutation]
  4456 | D:6      | Gained mutation: You are resistant to hostile enchantments. (MR+) [potion of mutation]
  4456 | D:6      | Gained mutation: You have a pair of small horns on your head. [potion of mutation]
  4467 | D:6      | Found a staircase to the Ecumenical Temple.
  4523 | D:6      | Reached XP level 9. HP: 48/48 MP: 9/9
  4541 | D:6      | Reached ** piety under Ashenzari
  4550 | D:6      | Reached skill level 10 in Crossbows
  4630 | D:6      | Reached skill level 7 in Short Blades
  4995 | D:6      | HP: 2/48 [orc wizard/magic dart (6)]
  5538 | D:7      | Reached skill level 8 in Short Blades
  5609 | D:7      | Reached skill level 1 in Throwing
  5667 | D:7      | Noticed a hippogriff
  5680 | D:7      | Killed a hippogriff
  6207 | D:7      | Reached skill level 9 in Short Blades
  6690 | D:7      | Reached XP level 10. HP: 38/53 MP: 10/10
  7330 | D:8      | Found a shimmering altar of Xom.
  7338 | D:8      | Noticed a two-headed ogre
  7350 | D:8      | Noticed a two-headed ogre
  7355 | D:8      | Noticed a two-headed ogre
  7611 | D:8      | Reached skill level 10 in Short Blades
  7845 | D:8      | Killed a two-headed ogre
  7901 | D:8      | Reached skill level 11 in Short Blades
  8663 | D:8      | Killed a two-headed ogre
  8704 | D:8      | Killed a two-headed ogre
  8704 | D:8      | Reached skill level 12 in Short Blades
  8704 | D:8      | Reached skill level 5 in Throwing
  8704 | D:8      | Reached XP level 11. HP: 36/57 MP: 11/11
  8879 | D:8      | Noticed Prince Ribbit
  8901 | D:8      | Killed Prince Ribbit
  8951 | D:8      | Noticed a two-headed ogre
  9292 | D:8      | Killed a two-headed ogre
  9292 | D:8      | Reached skill level 10 in Dodging
  9580 | D:8      | HP: 1/58 [ooze (4)]
 10073 | D:8      | Reached skill level 1 in Shields
 10678 | D:9      | Noticed a two-headed ogre
 10688 | D:9      | Killed a two-headed ogre
 11015 | D:10     | Entered Level 10 of the Dungeon
 11015 | D:10     | Reached *** piety under Ashenzari
 11237 | D:10     | Noticed an unseen horror
 11249 | D:10     | Killed an unseen horror
 11249 | D:10     | Reached skill level 5 in Fighting
 11494 | D:10     | Noticed a two-headed ogre
 11516 | D:10     | Slain by a two-headed ogre

Vault maps used:
D:1:      dpeg_arrival_refuge, minivault_27
D:2:      lemuel_crystal_altar, first_bread, hangedman_decor_opposing,
          minmay_tetromino_t4
D:3:      chequers_ecumenical_altar_simple_redux, uniq_grinder
D:4:      nicolae_overflow_hidden_temple, nicolae_overflow_crystal_walls,
          gammafunk_temple_overflow_forgotten, glass_columns_c,
          minmay_ogre_servants
D:6:      minmay_temple_entry_overgrown, serial_shops, shop_coins,
          uniq_crazy_yiuf_cottage, uniq_duvessa
D:8:      basic_altar, nicolae_sextant, hangedman_little_slice_of_home,
          roderic_batcave, uniq_prince_ribbit1

Skill      XL: |  1  2  3  4  5  6  7  8  9 10 11 |
---------------+----------------------------------+-----
Crossbows      | 5 6 7 8 9 10 | 10.8
Short Blades   | 1 2 4 5 6 9 12 | 12.7
Dodging        | 3 4 5 6 8 9 10 | 10.1
Throwing       | 2 5 6 |  6.0
Shields        | 3 |  3.7
Fighting       | 5 |  5.5
Stealth        | |  1.3

Action                   |  1- 3 |  4- 6 |  7- 9 | 10-12 || total
-------------------------+-------+-------+-------+-------++-------
Melee: Dagger            |       |       |   239 |   288 ||   527
       Headbutt          |       |       |    54 |    75 ||   129
       Hand crossbow     |       |       |       |     1 ||     1
 Fire: Hand crossbow     |    76 |   101 |   218 |   257 ||   652
Throw: Stone             |       |       |    22 |    11 ||    33
Invok: Curse Item        |       |       |       |     1 ||     1
  Use: Scroll            |     1 |       |     9 |     9 ||    19
       Potion            |       |       |     6 |     2 ||     8
  Eat: Chunk             |     7 |     5 |    12 |    22 ||    46
Armor: Leather armour    |     6 |     3 |    32 |    20 ||    61
       Ring mail         |       |       |       |    21 ||    21
Dodge: Dodged            |    19 |    20 |   165 |   292 ||   496
Block: Buckler           |     4 |     8 |    83 |   150 ||   245
       Reflection        |       |       |     1 |     1 ||     2
